 Dungeon Crawl Stone Soup version 0.31-a0-187-gba352fbbf7 (webtiles) character file.

Game seed: 17864424791083636521

82 qw the Shooter (level 4, 0/21 (25) HPs)
             Began as a Deep Elf Hunter on June 22, 2023.
             Slain by Terence
             ... wielding a +3 short sword of draining
              (4 damage)
             ... on level 3 of the Dungeon.
             The game lasted 00:00:34 (1680 turns).

qw the Shooter (Deep Elf Hunter)                    Turns: 1680, Time: 00:00:34

HP:   0/21 (25)     AC:  5    Str: 10    XL:     4   Next: 21%
MP:   6/6           EV: 11    Int: 14    God:
Gold: 102           SH:  0    Dex: 18    Spells: 3/3 levels left

rFire   . . .        Y - +0 shortbow
rCold   . . .        (shield currently unavailable)
rNeg    . . .        k - +0 ring mail
rPois   .            (no helmet)
rElec   .            (no cloak)
rCorr   .            (no gloves)
SInv    .            (no boots)
Will    .....        (no amulet)
Stlth   +            (no ring)
HPRegen 0.23/turn    (no ring)
MPRegen 0.10/turn

%: no passive effects
@: heavily drained
A: no striking features
a: no special abilities


You were on level 3 of the Dungeon.
You visited 1 branch of the dungeon, and saw 3 of its levels.

You collected 102 gold pieces.


   Skills:
 - Level 1.5 Fighting
 + Level 7.6 Ranged Weapons
 - Level 2.4 Dodging
 - Level 1.2 Stealth


You had 3 spell levels left.
You didn't know any spells.
Your spell library was empty.

Inventory:

Hand Weapons
 Y - a +0 shortbow (weapon)
Armour
 c - a +0 helmet
 d - a +0 pair of boots
 k - a +0 ring mail (worn)
Scrolls
 a - a scroll of identify
Potions
 b - 2 potions of mutation {unknown}
 e - a potion of resistance
 f - a potion of curing
 j - a potion of haste {unknown}

Dungeon Overview and Level Annotations

Branches:
Dungeon (3/15)

Altars:

Annotations:
D:3 Terence


Message History

You shoot an arrow.
The arrow hits the ball python but does no damage.
You shoot an arrow. The arrow hits the ball python.
You kill the ball python!
You open the door.
There is an open door here.
You hear the slow rusting of a drain nearby.
d - a +0 pair of boots
Enter note: You open the door.
There is an open door here.
Terence the Incautious comes into view.
He is wielding a +3 short sword of draining.
Terence shouts!
Enter note: You shoot an arrow.
The arrow hits Terence.
Terence is moderately wounded.
You shoot an arrow.
The arrow hits Terence but does no damage.
Terence is moderately wounded.
You shoot an arrow. The arrow closely misses Terence.
You shoot an arrow. The arrow hits Terence.
Terence is heavily wounded.
You shoot an arrow. The arrow barely misses Terence.
Terence drinks a potion.
Terence seems to grow stronger.
You shoot an arrow. The arrow hits Terence.
Terence is heavily wounded.
Terence completely misses you.
You shoot an arrow. The arrow closely misses Terence.
Terence hits you with a +3 short sword of draining.
You feel drained.
You shoot an arrow.
The arrow hits Terence but does no damage.
Terence is heavily wounded.
Terence hits you with a +3 short sword of draining!
You feel drained.
You shoot an arrow. The arrow hits Terence.
Terence is heavily wounded.
Terence hits you with a +3 short sword of draining!
You feel drained.
You die...

#.#...# ###.#.#
##.#...### .#.#
.......#.. .#.#
.......#.# #.#
.......#.# #.#
<......#.######.#
##'#####.#...##.#
.............##.########
.............'..@@......
.............##.########
.............##.#
.............##.#
.............##.#
.............##.#
###############.# #.#


You could see Terence (strong).

Vanquished Creatures
  Robin (D:3)
  3 adders (D:2)
  A worm (D:2)
  An orc (D:3)
  3 bats
  4 endoplasms
  A giant cockroach (D:2)
  9 goblins
  4 hobgoblins
  2 quokkas
  3 ball pythons
  A frilled lizard (D:1)
  5 kobolds
  5 rats
43 creatures vanquished.

Notes
Turn   | Place    | Note
-------+----------+-------------------------------------------
     0 | D:1      | qw the Deep Elf Hunter began the quest for the Orb.
     0 | D:1      | Reached XP level 1. HP: 12/12 MP: 3/3
     0 | D:1      | 0 ||| qw: Version: 0.3-a-9-g12657ce
     0 | D:1      | 0 ||| qw: Game counter: 1935
     0 | D:1      | 0 ||| qw: Always use a shield: true
     0 | D:1      | 0 ||| qw: God list: Okawaru
     0 | D:1      | 0 ||| qw: Allow faded altars: false
     0 | D:1      | 0 ||| qw: Do Orc after D:15 true
     0 | D:1      | 0 ||| qw: Do second Lair branch before Depths: true
     0 | D:1      | 0 ||| qw: Lair rune preference: random
     0 | D:1      | 0 ||| qw: Plans: Normal
     0 | D:1      | 0 ||| PLANNING D:1-11
   503 | D:1      | 503 ||| READING 2 scrolls labelled ALOROGGAEPPA.
   504 | D:1      | 504 ||| READING scroll labelled VARERH MOUN.
   505 | D:1      | 505 ||| READING 2 scrolls labelled UPTUYP IWUSSIU.
   506 | D:1      | 506 ||| DROPPING scroll of butterflies.
   507 | D:1      | 507 ||| DROPPING scroll of blinking.
   541 | D:2      | Reached XP level 2. HP: 16/16 MP: 4/4
   568 | D:2      | HP: 4/16 [adder (2)]
   570 | D:2      | Reached skill level 6 in Ranged Weapons
   677 | D:2      | Reached XP level 3. HP: 9/20 MP: 5/5
   681 | D:2      | HP: 5/20 [poisoned by an adder]
   945 | D:2      | Reached skill level 7 in Ranged Weapons
  1352 | D:2      | 1352 ||| UPGRADING to +0 scale mail.
  1362 | D:2      | 1362 ||| DROPPING +0 leather armour.
  1363 | D:2      | 1363 ||| UPGRADING to +0 ring mail.
  1373 | D:2      | 1373 ||| DROPPING +0 scale mail.
  1374 | D:2      | 1374 ||| READING scroll labelled CIATHIG KUTIH.
  1375 | D:2      | 1375 ||| READING 3 scrolls labelled REXUOGONET.
  1376 | D:2      | 1376 ||| READING scroll labelled USTREU EW UKO.
  1415 | D:2      | 1415 ||| DRINKING 2 dark potions.
  1416 | D:2      | 1416 ||| DRINKING 2 fizzy silvery potions.
  1417 | D:2      | 1417 ||| READING 2 scrolls of identify.
  1417 | D:2      | 1417 ||| IDENTIFYING brown potion
  1418 | D:2      | 1418 ||| DROPPING potion of attraction.
  1419 | D:2      | 1419 ||| DROPPING 2 scrolls of immolation.
  1445 | D:3      | 1445 ||| PLANNING SEWER
  1531 | D:3      | Noticed Robin
  1543 | D:3      | Reached XP level 4. HP: 25/25 MP: 6/6
  1554 | D:3      | Killed Robin
  1671 | D:3      | Noticed Terence
  1680 | D:3      | HP: 4/22 [Terence/+3 short sword of draining (9)]
  1680 | D:3      | Slain by Terence

Levels and vault maps discovered:
D:1:      kennysheep_arrival_forest, layout_loops_cross
D:2:      layout_basic
D:3:      layout_basic, mainiacjoe_overflow_24_doors, portal_sewer_entry_d,
          serial_shops, nicolae_shop_hallway_stairs, uniq_terence, uniq_robin

Skill      XL: |  1  2  3 |
---------------+----------+-----
Ranged Weapons | 6 7 |  7.6
Fighting       | |  1.5
Dodging        | |  2.4
Stealth        | |  1.2

Action                     |  1- 3 |  4- 6 || total
---------------------------+-------+-------++-------
   Fire: Shortbow          |   101 |    23 ||   124
    Use: Scroll            |     7 |       ||     7
         Potion            |     2 |       ||     2
 Armour: Leather armour    |     9 |       ||     9
         Ring mail         |     8 |     3 ||    11
  Dodge: Dodged            |    34 |     8 ||    42

Table legend:
 A = Non-vault XP
 B = Vault XP
 C = Vault XP percentage of total XP
 D = Non-vault monster count
 E = Vault monster count
 F = Vault count percentage of total count
                 A         B        C        D         E       F
            +---------+---------+-------+---------+---------+-------
      Total |      88 |      30 |  25.4 |      33 |      10 |  23.3
            +---------+---------+-------+---------+---------+-------
        D:1 |      10 |       0 |   0.0 |       8 |       0 |   0.0
        D:2 |      71 |       0 |   0.0 |      22 |       0 |   0.0
        D:3 |       7 |      30 |  81.1 |       3 |      10 |  76.9
            +---------+---------+-------+---------+---------+-------
